 Dungeon Sprint DCSS version 0.29.1-2-gbd0b4ee654 (webtiles) character file.

Game seed: 14832290722362876054

7156 Zeld the Severer (level 10, -5/156 HPs)
             Began as a Minotaur Berserker on Oct 24, 2022.
             Was a High Priest of Trog.
             Slain by a lorocyproca (12 damage)
             ... in the Dungeon (Sprint I: "Red Sonja").
             The game lasted 00:03:44 (3944 turns).

Zeld the Severer (Minotaur Berserker)               Turns: 3944, Time: 00:03:44

Health: -5/156     AC:  4    Str: 27    XL:     10   Next: 86%
Magic:  0/9        EV: 16    Int:  4    God:    Trog [*****.]
Gold:   412        SH:  0    Dex:  9    Spells: 9/9 levels left

rFire   . . .      SeeInvis .   a - +0 war axe
rCold   . . .      Faith    .   (no shield)
rNeg    . . .      Spirit   .   b - +0 animal skin
rPois   +          Reflect  .   (helmet restricted)
rElec   .          Harm     .   o - +0 cloak {rPois}
rCorr   .          Rampage  .   (no gloves)
Will    .....      NoTele   +   (no boots)
Stlth   ..........              (no amulet)
HPRegen 0.36/turn               (no ring)
MPRegen 0.11/turn               (no ring)

@: berserking, very quick
A: horns 2, retaliatory headbutt
a: Renounce Religion, Berserk, Trog's Hand, Brothers in Arms


You were in the Dungeon.
You worshipped Trog.
Trog was extremely pleased with you.
You visited 1 branch You collected 1069 gold pieces.
You spent 657 gold pieces at shops.

Inventory:

Hand Weapons
 a - a +0 war axe (weapon)
Armour
 b - a +0 animal skin (worn)
 o - a +0 cloak of poison resistance (worn)
Wands
 i - a wand of polymorph (5)
 j - a wand of flame (8)
Scrolls
 h - a scroll of blinking
 p - a scroll of identify
 q - a scroll of butterflies {unknown}
Potions
 c - 5 potions of curing
 d - 2 potions of heal wounds
 e - a potion of haste
 f - 2 potions of magic
 g - 2 potions of berserk rage
 k - a potion of cancellation
 l - a potion of might
 m - a potion of ambrosia
 n - 2 potions of invisibility


   Skills:
 + Level 14.6 Fighting
 * Level 19.7 Axes
 + Level 14.3 Armour
 + Level 13.2 Dodging


You had 9 spell levels left.
You didn't know any spells.
Your spell library was empty.

Dungeon Overview and Level Annotations

Branches:
Dungeon (1/1)

Altars:
Cheibriados
Dithmenos
Elyvilon
Fedhas
Gozag
Hepliaklqana
Kikubaaqudgha
Makhleb
Nemelex Xobeh
Okawaru
Qazlal
Ru
Sif Muna
Trog
Uskayaw
Vehumet
Wu Jian
Xom
Yredelemnul
Zin
The Shining One
Jiyva
Lugonu

Shops:
D *![


Innate Abilities, Weirdness & Mutations

You have a pair of horns on your head.
You reflexively headbutt those who attack you in melee.


Message History

Done waiting.
You start waiting.
There is an open door, spattered with blood here.
You see here a +1 bardiche.
There is an open door here.
There is an open door here.
You see here a +0 mace.
As you open the door, it creaks loudly!
You hear a chilling moan.
Found 81 gold pieces.
A meliai comes into view. It is wielding a +0 hand axe.
Found 81 gold pieces.
There is an open door here.
No reachable target in view!
Something hits you!!
You feel your power leaking away.
Deactivating autopickup; reactivate with Ctrl-A.
You open the door. Something barely misses you.
Found a chain mail.
The meliai calls down the wrath of its god upon you.
Something smites you!
There is an open door here.
Something closely misses you.
You see here a +0 chain mail.
A red film seems to cover your vision as you go berserk!
You feel yourself moving faster!
You feel mighty! Something hits you!!
You feel your power leaking away.
You closely miss something. Something hits you!!
* * * LOW HITPOINT WARNING * * *
You slash something! Your headbutt misses something. You barely miss something.
Something hits you but does no damage.
You hit something. You miss something. Your headbutt misses something.
You hit something but do no damage. Something hits you!!
* * * LOW HITPOINT WARNING * * *
You miss something. You barely miss something. Something hits you.
* * * LOW HITPOINT WARNING * * *
You miss something. You miss something. Something hits you!
You die...

##########################*******
#__#..'...#).#.§§§'§..§..+,,*,,+,
'..'..#)..##'#§####§§.§.##,,+,,*,
#__####...'§.#.#@###§§§##*****+*,
####§§#####§§§.#'#$###+#,,,**,,*,
#~§~..#..##)####..$#y#,**,,,*,,**
'~§~.§'§.#.....#..$###,,***,*,,~*
#~§)..#..#°○..°°○.$$$#*,*,*,*,,~,
##'#####'###○..#.....#,,***,*,,~,
#.[.[###.+,#○..###++##,**,,,*,,~*
##'###.###,#..##*,,***,,*+***,,~*
.....')∩#*,#°.#***,,***,,,*,~,,**


There were no monsters in sight!

Vanquished Creatures
  2 centaur warriors (D)
  A deep troll (D)
  A lindwurm (D)
  An oklob plant (D)
  2 kobold demonologists (D)
  3 demonic crawlers (D)
  A hornet (D)
  A slime creature (D)
  Sigmund (D)
  A yak (D)
  13 hogs (D)
  A floating eye (D)
  A black bear (D)
  An ogre (D)
  A jelly (D)
  Ijyb (D)
32 creatures vanquished.

Vanquished Creatures (collateral kills)
  A gargoyle (D)
  A demonic crawler (D)
2 creatures vanquished.

Vanquished Creatures (others)
  2 ballistomycete spores (D)
2 creatures vanquished.

Grand Total: 36 creatures vanquished

Notes
Turn   | Place    | Note
-------+----------+-------------------------------------------
     0 | D        | Zeld the Minotaur Berserker began the quest for the Orb.
     0 | D        | Reached XP level 1. HP: 19/19 MP: 0/0
     1 | D        | Noticed Ijyb
     7 | D        | Killed Ijyb
     8 | D        | Reached skill level 5 in Axes
     8 | D        | Reached XP level 2. HP: 28/28 MP: 1/1
   189 | D        | Noticed an ogre
   194 | D        | Killed an ogre
   195 | D        | Reached skill level 7 in Axes
   195 | D        | Reached skill level 5 in Armour
   195 | D        | Reached XP level 3. HP: 37/37 MP: 2/2
   195 | D        | Reached XP level 4. HP: 44/44 MP: 3/3
   333 | D        | Noticed Sigmund
   340 | D        | Killed Sigmund
   340 | D        | Reached ** piety under Trog
   341 | D        | Reached skill level 10 in Axes
   341 | D        | Reached XP level 5. HP: 52/52 MP: 4/4
   341 | D        | Reached XP level 6. HP: 60/60 MP: 5/5
   385 | D        | Found a burning altar of Makhleb.
   385 | D        | Found a viscous altar of Jiyva.
   385 | D        | Found a shimmering altar of Xom.
   385 | D        | Found a corrupted altar of Lugonu.
   385 | D        | Noticed a slime creature
   390 | D        | Killed a slime creature
   391 | D        | Reached skill level 11 in Axes
   476 | D        | Found an ornate altar of the Wu Jian Council.
   476 | D        | Found a shimmering blue altar of Sif Muna.
   499 | D        | Found a radiant altar of Vehumet.
   697 | D        | Found Guufay's Distillery.
   697 | D        | Found an ancient bone altar of Kikubaaqudgha.
   697 | D        | Found a hazy altar of Hepliaklqana.
   697 | D        | Found a hide-covered altar of Uskayaw.
   697 | D        | Found a basalt altar of Yredelemnul.
   697 | D        | Found an opulent altar of Gozag.
   697 | D        | Found a snail-covered altar of Cheibriados.
   697 | D        | Found a sacrificial altar of Ru.
   697 | D        | Found a shadowy altar of Dithmenos.
   697 | D        | Noticed a yak
   710 | D        | Killed a yak
   711 | D        | Reached skill level 12 in Axes
   711 | D        | Reached XP level 7. HP: 46/70 MP: 6/6
   732 | D        | Found a stormy altar of Qazlal.
   732 | D        | Found a blossoming altar of Fedhas.
   732 | D        | Found a bloodstained altar of Trog.
   732 | D        | Found an iron altar of Okawaru.
   732 | D        | Found a glowing golden altar of the Shining One.
   732 | D        | Found a glowing silver altar of Zin.
   732 | D        | Found a white marble altar of Elyvilon.
   735 | D        | Found a sparkling altar of Nemelex Xobeh.
   876 | D        | Bought a potion of cancellation for 112 gold pieces
   876 | D        | Bought a potion of might for 56 gold pieces
   876 | D        | Bought a potion of ambrosia for 112 gold pieces
   903 | D        | Noticed a kobold demonologist
   903 | D        | Noticed a kobold demonologist
   905 | D        | Noticed a sixfirhy
   906 | D        | Paralysed by a floating eye for 4 turns
   908 | D        | Noticed an ice devil
   909 | D        | Noticed a smoke demon
   914 | D        | Noticed a chaos spawn
   917 | D        | Killed a kobold demonologist
   917 | D        | Reached *** piety under Trog
   918 | D        | Reached skill level 10 in Fighting
   918 | D        | Reached skill level 13 in Axes
   921 | D        | Killed a kobold demonologist
   922 | D        | Reached skill level 14 in Axes
   922 | D        | Reached skill level 10 in Armour
   922 | D        | Reached XP level 8. HP: 44/80 MP: 7/7
   989 | D        | Bought a potion of invisibility for 112 gold pieces
  1280 | D        | Noticed Sonja
  1281 | D        | Noticed Sonja
  1281 | D        | Sonja changed into Sonja the black bear
  1285 | D        | Killed Sonja the black bear
  1285 | D        | Reached **** piety under Trog
  1534 | D        | Found Quminirio's General Store.
  1542 | D        | Bought a scroll of magic mapping for 75 gold pieces
  1542 | D        | Bought 2 potions of curing for 60 gold pieces
  1542 | D        | Bought a scroll of identify for 20 gold pieces
  1555 | D        | Noticed a deep troll
  1564 | D        | Killed a deep troll
  1565 | D        | Reached skill level 15 in Axes
  1565 | D        | Reached skill level 10 in Dodging
  1610 | D        | Found Exiki's Armour Emporium.
  1725 | D        | Bought a +0 cloak of poison resistance for 110 gold pieces
  1752 | D        | Noticed a centaur warrior
  1752 | D        | Noticed a centaur warrior
  1759 | D        | Killed a centaur warrior
  1760 | D        | Reached skill level 16 in Axes
  1760 | D        | Reached XP level 9. HP: 90/90 MP: 8/8
  1761 | D        | Killed a centaur warrior
  1861 | D        | Reached skill level 17 in Axes
  2088 | D        | Noticed an oklob plant
  2402 | D        | Killed an oklob plant
  2402 | D        | Reached ***** piety under Trog
  2537 | D        | Noticed a demonic crawler
  2537 | D        | Noticed a demonic crawler
  2537 | D        | Noticed a demonic crawler
  2537 | D        | Noticed a demonic crawler
  2539 | D        | Killed a demonic crawler
  2541 | D        | Killed a demonic crawler
  2542 | D        | Reached XP level 10. HP: 101/101 MP: 9/9
  2543 | D        | Reached skill level 18 in Axes
  2543 | D        | Noticed a gargoyle
  2551 | D        | Killed a gargoyle
  2921 | D        | Noticed a lindwurm
  2930 | D        | Killed a lindwurm
  3232 | D        | Reached skill level 19 in Axes
  3258 | D        | Received a gift from Trog
  3942 | D        | HP: 7/156 [something (5)]
  3944 | D        | Slain by a lorocyproca

Illustrated notes

Levels and vault maps discovered:
D:        dungeon_sprint_1 [red_sonja_temple_1, red_sonja_temple_small_1]

Skill      XL: |  1  2  3  4  5  6  7  8  9 10 |
---------------+-------------------------------+-----
Fighting       | 4 6 7 9 10 12 13 14 | 14.6
Axes           | 5 7 10 12 14 16 17 19 | 19.7
Armour         | 3 5 7 8 10 11 12 14 | 14.3
Dodging        | 3 4 6 8 9 10 11 13 | 13.2

Action                   |  1- 3 |  4- 6 |  7- 9 | 10-12 || total
-------------------------+-------+-------+-------+-------++-------
Melee: Hand axe          |     8 |    25 |    22 |       ||    55
       Headbutt          |       |     3 |    11 |    13 ||    27
       Punch             |       |     2 |     2 |     1 ||     5
       War axe           |       |       |    28 |    71 ||    99
Invok: Berserk           |     2 |     2 |     4 |     2 ||    10
       Brothers in Arms  |       |       |     2 |       ||     2
       Trog's Hand       |       |       |     1 |       ||     1
Evoke: Wand              |       |       |     1 |       ||     1
  Use: Scroll            |       |       |     1 |       ||     1
 Stab: Distracted        |       |       |     1 |       ||     1
Armor: Animal skin       |       |     2 |     9 |     4 ||    15
Dodge: Dodged            |     2 |     7 |    31 |    33 ||    73
